[Event "Championnat du monde jeunes U10"]
[Date "2024.11.25"]
[White "Schettini Acuna, Massimo Matteo"]
[Black "Button-Rabl, Jiban"]
[WhiteElo "1703"]
[BlackElo "1435"]
[Round "10.17"]
[Result "1-0"]
[TimeControl "5400+30"]

1. e4 e5 2. Nf3 Nc6 3. Bb5 a6 4. Ba4 Nf6 5. d3 Bc5 6. O-O b5 7. Bb3 d6 8. c3 Bg4 9. Nbd2 O-O 10. h3 Be6 11. Bc2 Qd7 12. Kh2 Ne8 13. Ng5 f6 14. Nxe6 Qxe6 15. Bb3 Nd8 16. Bxe6+ Nxe6 17. Nf3 c6 18. d4 exd4 19. cxd4 Bb6 20. Be3 Bc7 21. d5 cxd5 22. Qxd5 Kf7 23. Nd4 g6 24. Nxe6 Rc8 25. Nxc7+ Kg7 26. Ne6+ Kg8 27. Nxf8+ Kxf8 28. Bh6+ Ng7 29. Bxg7+ Kxg7 30. Qb7+ Kh6 31. Qxc8 d5
32. Qf8+ Kh5 33. g4+ Kg5 34. f4+ Kh4 35. Qh6# 1-0

[Variant "Standard"]
[Site "Europe Echecs"]

[Event "Championnat du monde jeunes U10"]
[Date "2024.11.25"]
[White "Orsi, Andrea"]
[Black "Kostyukovich, Ivan"]
[WhiteElo "1728"]
[BlackElo "1489"]
[Round "10.19"]
[Result "0-1"]
[TimeControl "5400+30"]

1. e4 e5 2. Nf3 Nc6 3. Bb5 a6 4. Ba4 b5 5. Bb3 Bb7 6. O-O Nf6 7. Re1 Bc5 8. c3 d6 9. d4 Bb6 10. a4 h6 11. Bc2 O-O 12. Be3 Ng4 13. h3 Nxe3 14. Rxe3 Qf6 15. dxe5 Nxe5 16. Nxe5 dxe5 17. Rf3 Qg6 18. Rg3 Qxg3 19. Qe2 Qf4 0-1

[Variant "Standard"]
[Site "Europe Echecs"]

[Event "Championnat du monde jeunes U10"]
[Date "2024.11.25"]
[White "Golya, David"]
[Black "Vukashinovikj, Jovan"]
[WhiteElo "1672"]
[BlackElo "1454"]
[Round "10.20"]
[Result "1-0"]
[TimeControl "5400+30"]

1. e4 c6 2. d4 d5 3. exd5 cxd5 4. Be2 Nf6 5. Nf3 Nc6 6. Bf4 e6 7. c3 Bd6 8. Bxd6 Qxd6 9. Nbd2 Bd7 10. O-O O-O 11. Re1 Ne4 12. Nxe4 dxe4 13. Nd2 f5 14. f3 Qf4 15. fxe4 fxe4 16. Bb5 Qf2+ 17. Kh1 e3 18. Nf3 a6 19. Be2 Rxf3 20. Bxf3 Rf8 21. Re2 Qh4 22. Rxe3 Ne7 23. Bxb7 Nf5 24. Rh3 Qf4 25. Bxa6 Bc6 26. Qe2 Be4 27. Rf1 Qd6 28. Bc4 Qc6 29. Bd3 Bxd3 30. Qxd3 g6 31. Kg1 Qd5 32. g4 Nd6 33. Rxf8+ Kxf8 34. Qf3+ 1-0

[Variant "Standard"]
[Site "Europe Echecs"]

[Event "Championnat du monde jeunes U10"]
[Date "2024.11.25"]
[White "Osmolovskii, Nikita"]
[Black "Radovic, Koca"]
[WhiteElo "1468"]
[BlackElo "1626"]
[Round "10.21"]
[Result "1/2-1/2"]
[TimeControl "5400+30"]

1. e4 e5 2. Nf3 Nc6 3. Bc4 Bc5 4. c3 Nf6 5. d3 O-O 6. O-O h6 7. b4 Bb6 8. b5 Na5 9. Nxe5 Nxc4 10. Nxc4 d5 11. Nxb6 axb6 12. e5 Nd7 13. d4 Re8 14. Qb3 Nf8 15. Na3 Be6 16. f4 Bf5 17. Nc2 Qd7 18. Ne3 Be4 1/2-1/2

[Variant "Standard"]
[Site "Europe Echecs"]

[Event "Championnat du monde jeunes U10"]
[Date "2024.11.25"]
[White "Loberti, Tommaso"]
[Black "Park, Jaeik"]
[WhiteElo "1474"]
[BlackElo "1477"]
[Round "10.27"]
[Result "1/2-1/2"]
[TimeControl "5400+30"]

1. e4 c5 2. Nf3 e6 3. d4 cxd4 4. Nxd4 Nc6 5. Nc3 Qc7 6. Nb3 Nf6 7. Bd3 a6 8. Be3 b5 9. a4 b4 10. Ne2 Bb7 11. f3 Bd6 12. h3 Ne5 13. Rc1 Bc6 14. f4 Nxd3+ 15. cxd3 Qb8 16. Nbd4 Bb7 17. Qd2 Be7 18. O-O O-O 19. g4 d5 20. e5 Nd7 21. Nc6 Bxc6 22. Rxc6 Qb7 23. Rfc1 Rfc8 24. Rxc8+ Rxc8 25. Rxc8+ Qxc8 26. Qc1 Qxc1+ 27. Nxc1 Kf8 28.
Kf1 Ke8 29. Ke1 1/2-1/2

[Variant "Standard"]
[Site "Europe Echecs"]

[Event "Championnat du monde jeunes U10"]
[Date "2024.11.26"]
[White "Shogdzhiev, Roman"]
[Black "Mirzhanov, Arlan"]
[WhiteElo "2202"]
[BlackElo "1721"]
[Round "11.1"]
[Result "1-0"]
[TimeControl "5400+30"]

1. e4 c5 2. Nf3 d6 3. d4 cxd4 4. Nxd4 Nf6 5. Nc3 a6 6. h3 e5 7. Nb3 Be7 8. g4 h6 9. Be3 Be6 10. Qf3 Nbd7 11. O-O-O b5 12. Nd5 Bxd5 13. exd5 Rc8 14. Bd3 Nb6 15. Bf5 Rc4 16. Na5 Na4 17. Nxc4 bxc4 18. c3 Qa5 19. h4 h5 20. g5 Ng4 21. Bxg4 hxg4 22. Qxg4 O-O 23. Qxc4 Rb8 24. Rd2 f5 25. gxf6 Bxf6 26. Bg5 Rf8 27. Bxf6 Rxf6 28. Qb4 Qxb4 29. cxb4 Rf4 30. a3 Kf7 31. h5 Nb6 32. b3 e4 33. h6 gxh6 34. Rxh6 Ke7 35. Rd4 Kd7 36. Re6 Rxf2 37. Rexe4 Nc8 38. Rf4 Ra2 39. Rf7+ Ke8 40. Rh7 a5 41. Rg4 Kf8 42. Rh8+ Kf7 43. Rf4+ Ke7 44. Rxc8 a4 45. Rc7+ Ke8 46. bxa4 Kd8 47. Ra7 Ke8 48. Rc4 Kd8 49. Rh4 Rc2+ 1-0

[Variant "Standard"]
[Site "Europe Echecs"]

[Event "Championnat du monde jeunes U10"]
[Date "2024.11.26"]
[White "Llari, Marc"]
[Black "Sameh Mohamed, Abdalrahman"]
[WhiteElo "2201"]
[BlackElo "2238"]
[Round "11.2"]
[Result "1-0"]
[TimeControl "5400+30"]

1. d4 d5 2. c4 c6 3. Nf3 Nf6 4. g3 a6 5. Bg2 Bf5 6. Nc3 e6 7. Nh4 Bg6 8. Nxg6 hxg6 9. Qd3 Nbd7 10. O-O Be7 11. Rd1 O-O 12. e4 dxe4 13. Nxe4 Nxe4 14. Qxe4 Nf6 15. Qe2 Qc7 16. Be3 Rad8 17. b3 Rd7 18. Rd3 Rfd8 19. Rad1 Qa5 20. Bf3 Ne8 21. Bg4 Bf6 22. Kg2 Nc7 23. f4 Ne8 24. h4 Rc7 25. a4 b5 26. Bd2 b4 27. Be3 Nd6 28. Bf2 Nf5 29. Bf3 Rcc8 30. Qe1 Qb6 31. c5 Qb8 32. g4 Ne7 33. g5 Qxf4 34. Bg3 Qf5 35. gxf6 gxf6 36. Bd6 Nd5 37. Qe4 Qxe4 38. Bxe4 Nc3 39. Re1 f5 40. Bf3 Kh7 41. Kg3 Re8 42. Rde3 Kg7 43. Bf4 Nd5 44. Bxd5 cxd5 45. Rh1 Rh8 46. h5 gxh5 47. Kf2 Rc6 48. Rg3+ Kf8 49. Bd6+ Ke8 50. Rgh3 f6 51. Rxh5 Rxh5 52. Rxh5 Kf7 53. Rh7+ Kg6 54. Re7 f4 55. Rxe6 Kf5 56. Re8 a5 57. Kf3 Ra6 58. Rf8 Ra7 59. c6 Ke6 60. c7 1-0

[Variant "Standard"]
[Site "Europe Echecs"]

[Event "Championnat du monde jeunes U10"]
[Date "2024.11.26"]
[White "Nguyen Quang Anh"]
[Black "Anand, Tsogtbileg"]
[WhiteElo "1889"]
[BlackElo "1974"]
[Round "11.3"]
[Result "1-0"]
[TimeControl "5400+30"]

1. d4 e6 2. c4 Nf6 3. Nc3 Bb4 4. f3 c5 5. d5 O-O 6. Bg5 h6 7. Bh4 d6 8. e4 e5 9. Bd3 Nbd7 10. Ne2 Re8 11. O-O g5 12. Bf2 Nf8 13. Be3 Ng6 14. g3 Nh5 15. Qd2 Ng7 16. a3 Ba5 17. Rab1 Bc7 18. b4 b6 19. bxc5 bxc5 20. f4 f6 21. f5 Nf8 22. Bc2 Ba5 23. Ba4 Bd7 24. Qc2 Bb6 25. Bc6 Rb8 26. Qa4 Re7 27. Rb2 Ne8 28. Rfb1 Nc7 29. Kg2 Qc8 30. Bxc5 dxc5 31. d6 Rg7 32. Bxd7 Nxd7 33. dxc7 Qxc7 34. Nd5 Qc8 35. g4 h5 36. gxh5 Rh7 37. Ng3 Kh8 38. Rd1 Bd8 39. Rbd2 Rb7 40. Qa6 Qb8 41. Qe6 Nf8 42. Qc6 Rhf7 43. Qxc5 Nd7 44. Qc6 Nb6 45. Qe8+ Kh7 46. Ne3 Rbe7 47. Qxd8 Qxd8 48. Rxd8 Rd7 49. R1xd7 Rxd7 50. Rxd7+ Nxd7 51. Kf3 Nc5 52. Nd5 Kg7 53. h6+ Kxh6 54. Nxf6 Kg7 55. Ng4 Nd7 56. f6+ Kg6 57. Nf5 a5 58. Nd6 Nc5 59. f7 Kg7 1-0

[Variant "Standard"]
[Site "Europe Echecs"]

[Event "Championnat du monde jeunes U10"]
[Date "2024.11.26"]
[White "Zuo, Junyu"]
[Black "Ling, Chenxuan"]
[WhiteElo "2120"]
[BlackElo "1967"]
[Round "11.4"]
[Result "0-1"]
[TimeControl "5400+30"]

1. e4 e6 2. d4 d5 3. e5 c5 4. c3 Nc6 5. Nf3 Bd7 6. a3 c4 7. Nbd2 Nge7 8. Be2 Nf5 9. O-O Be7 10. Re1 O-O 11. Nf1 Na5 12. Bf4 Nb3 13. Rb1 a5 14. N1d2 Ba4 15. Nxb3 Bxb3 16. Qd2 b5 17. Bg5 Bxg5 18. Nxg5 b4 19. g3 Rb8 20. h4 Ne7 21. Qf4 h6 22. Nf3 Bc2 23. Rbc1 Be4 24. Nh2 bxa3 25. bxa3 Rb2 26. Bxc4 f5 27. Re2 Ng6 28. Qe3 f4 29. gxf4 Rxe2 30. Bxe2 Nxf4 31. Bf1 Qxh4 32. Qg3 Qh5 33. Qg4 Qe8 34. f3 Rf5 35. Kh1 Bd3 36. Bxd3 Nxd3 37. Rf1 Qb5 38. Qg2 Nf4 39. Qc2 Qc4 40. Re1 Qc7 41. Rc1 Rg5 42. Rg1 Rxg1+ 43. Kxg1 Qxc3 44. Qxc3 Ne2+ 45. Kf2 Nxc3 46. Ke3 Nb5 47. Kd3 Nxa3 48. Kc3 Nb5+ 49. Kd3 a4 50. Ng4 h5 51. Ne3 a3 52. Nc2 a2 53. Na1 h4 54. Ke3 Nxd4 55. Kxd4 h3 56. Ke3 h2 57. Kd4 h1=Q 58. Nb3 Qd1+ 59. Kc3 Qxb3+ 60. Kxb3 a1=Q 0-1

[Variant "Standard"]
[Site "Europe Echecs"]

[Event "Championnat du monde jeunes U10"]
[Date "2024.11.26"]
[White "Advik Amit Agrawal"]
[Black "Annapureddy, Rheyansh Reddy"]
[WhiteElo "1982"]
[BlackElo "2122"]
[Round "11.5"]
[Result "1/2-1/2"]
[TimeControl "5400+30"]

1. e4 c5 2. Nf3 Nc6 3. Bb5 e5 4. O-O Bd6 5. c3 a6 6. Ba4 b5 7. Bc2 Nge7 8. a4 b4 9. Re1 O-O 10. d4 bxc3 11. dxe5 cxb2 12. Bxb2 Bc7 13. Nbd2 d6 14. exd6 Qxd6 15. e5 Qd8 16. Ba3 Nb4 17. Be4 Rb8 18. Rc1 a5 19. Rxc5 Bb6 20. Rc4 Ng6 21. Rc3 Nf4 22. Qa1 Be6 23. Nc4 Ba7 24. Ne3 Bd4 25. Nxd4 Qxd4 26. Nf5 Bxf5 27. Bxf5 Rfd8 28. Rce3 Qxa1 29. Rxa1 Nbd5 30. Ree1 g6 31.
Be4 Nc3 32. Bd6 Rb2 33. Bf3 Rc8 34. h4 Rc4 35. Be7 Rb8 36. Ra3 Nfd5 37. Bd6 Rbc8 38. Bxd5 Nxd5 39. g3 Nc3 40.
Rea1 Ne4 41. Re3 Nxd6 42. exd6 Rd4 43.
Re5 Ra8 44. Rae1 Kf8 45. Rc5 Rxd6 46.
Ree5 Rd4 47. Rxa5 Rxa4 1/2-1/2

[Variant "Standard"]
[Site "Europe Echecs"]

[Event "Championnat du monde jeunes U10"]
[Date "2024.11.26"]
[White "Dayal, Samar"]
[Black "Zhu, Linxi"]
[WhiteElo "1818"]
[BlackElo "2100"]
[Round "11.6"]
[Result "0-1"]
[TimeControl "5400+30"]

1. e4 c5 2. Nf3 d6 3. d4 cxd4 4. Nxd4 Nf6 5. Nc3 a6 6. Be3 e5 7. Nb3 Be7 8. f3 Be6 9. Qd2 h5 10. O-O-O Nbd7 11. Kb1 Rc8 12. Nd5 Nxd5 13. exd5 Bf5 14.
Bd3 Bxd3 15. Qxd3 Bg5 16. Bf2 Nf6 17. h4 Bh6 18. Rdg1 Qd7 19. Bb6 O-O 20. c4 Rfe8 21. Re1 g6 22. Na5 Re7 23. Re2 Bf4 24. Bf2 Qc7 25. Qa3 Nxd5 26. g3 Bh6 27. Rd1 b6 28. Rxd5 bxa5 29. b3 Qd7 30. Qxd6 Qf5+ 31. Rd3 Rcc7 32. Qd8+ Kh7 33. Kb2 Bg7 34. Ka3 Red7 35. Rxd7 Rxd7 36. Qa8 Qb1 37. Ka4 Qd1 38. Qe4 Rd2 39. Rxd2 Qxd2 40. a3 Qxf2 41. Kxa5 Qd4 42. Kxa6 f5 43. Qc2 e4 44. fxe4 fxe4 45. c5 Qd3+ 46. Qxd3 exd3 47. c6 Be5 48. b4 d2 49.
b5 d1=Q 50. b6 Qa4+ 51.
Kb7 Qe4 52. a4 Qxa4 53. c7 Qd7 54. Kb8 Bxg3 55. Ka8 Bxc7 56. bxc7 Qc8+ 57. Ka7 Qxc7+ 0-1

[Variant "Standard"]
[Site "Europe Echecs"]

[Event "Championnat du monde jeunes U10"]
[Date "2024.11.26"]
[White "Bolashakov, Nurali"]
[Black "Zhang, Junyi"]
[WhiteElo "2005"]
[BlackElo "2061"]
[Round "11.7"]
[Result "1-0"]
[TimeControl "5400+30"]

1. e4 c5 2. Nf3 e6 3. d4 cxd4 4. Nxd4 Nf6 5. Nc3 Nc6 6. Ndb5 Bb4 7. a3 Bxc3+ 8. Nxc3 d5 9. exd5 exd5 10. Bd3 O-O 11. O-O Bg4 12. f3 Be6 13. Bg5 h6 14. Bh4 Ne5 15. Re1 Nxd3 16. Qxd3 Rc8 17. Bf2 Qa5 18. Bd4 Nd7 19. f4 Qa6 20. Qxa6 bxa6 21. f5 Bxf5 22. Nxd5 Rfe8 23. Ne7+ Rxe7 24. Rxe7 Be6 25. Bc3 Rb8 26. Rd1 Rb7 27. Re8+ Kh7 28. Rd6 Nc5 29. Bd4 Ne4 30. Rxa6 Rc7 31. c3 Rb7 32. b4 Nf6 33. Rd8 Rb5 34. Bxf6 gxf6 35. Rxa7 Rf5 36. Ra5 Rf4 37. Rd4 1-0

[Variant "Standard"]
[Site "Europe Echecs"]

[Event "Championnat du monde jeunes U10"]
[Date "2024.11.26"]
[White "Shangin, Lev"]
[Black "Tulegen, Ramazan"]
[WhiteElo "2056"]
[BlackElo "1818"]
[Round "11.8"]
[Result "1/2-1/2"]
[TimeControl "5400+30"]

1. d4 Nf6 2. c4 g6 3. Nc3 d5 4. cxd5 Nxd5 5. e4 Nxc3 6. bxc3 Bg7 7. Bc4 c5 8. Ne2 Nc6 9. Be3 O-O 10. O-O b6 11. Qd2 Bb7 12. Rfd1 Rc8 13. Rac1 e6 14. Bg5 Qd7 15. h4 cxd4 16. cxd4 Na5 17. Bd3 Rxc1 18. Rxc1 Nc6 19. Bb5 a6 20. Bxc6 Bxc6 21. e5 Rc8 22. Ng3 Bb7 23. Rxc8+ Qxc8 24. Bh6 Bxh6 25. Qxh6 Qd8 26. Qf4 h5 27. Kh2 b5 28. Kh3 a5 29. Qd2 b4 30. Ne2 Qc7 31. Nf4 Be4 32. Kh2 Qc2 33. Qe3 a4 34. d5 Bxd5 35. Nxd5 exd5 36. e6 Qc7+ 37. g3 fxe6 38. Qxe6+ Qf7 39. Qc8+ Kh7 40.
Qc2 Qa7 41. g4 Qb8+ 42. Kh3 Qf4 43.
Qxa4 Qxg4+ 44. Kh2 Qxh4+ 45. Kg1 Qg4+ 46. Kh2 Qh4+ 47. Kg2 Qe7 48. Qc6 Kh6 49. Kf1 Qe5 50. Qc5 Qe4 51. Qc1+ Kg7 52. Qc7+ Kf6 53. Qd6+ Kg5 54. Qd8+ Kg4 55. Qd7+ Qf5 56. Qd6 Qd3+ 57. Kg2 Qf3+ 58. Kg1 d4 59. Qxd4+ Qf4 60. Qd7+ Kh4 61. Qd3 Kg5 62. Qd8+ Kf5 63. Qf8+ Kg4 64. Qc8+ Kh4 65. Qc6 Kg5 66. Qd5+ Kh6 67. Qg8 Qf6 68. Kg2 h4 69. Qc4 Qe7 70. Kh3 g5 71. Qc6+ Kh5 72. Qf3+ Kg6 73. Qc6+ Kf5 74. Qf3+ Ke5 75. Qe3+ Kd6 76. Qb6+ Kd5 77. Qb5+ Kd4 78. Qc6 Qe5 79. Qc2 Qe6+ 80. Kh2 Qe5+ 81. Kh3 Qe6+ 82. Kh2 g4 83. Qd2+ Kc5 84. Qg5+ Kc6 85. Qa5 Qd6+ 86. Kg1 Qd1+ 87. Kh2 Qd2 88. Kg1 Qe1+ 89. Kg2 h3+ 90. Kg3 Qg1+ 91. Kf4 Qxf2+ 92. Kxg4 h2 93. Qa6+ Kd5 94. Qb5+ Qc5 95. Qd7+ Kc4 96. Qf7+ Kc3 97. Qb3+ Kd2 98. Qb2+ Qc2 99. Qxb4+ Kd3 100. Qd6+ Kc3 101. Qc6+ Kb2 102. Qh1 Kxa2 103. Kh3 1/2-1/2

[Variant "Standard"]
[Site "Europe Echecs"]

[Event "Championnat du monde jeunes U10"]
[Date "2024.11.26"]
[White "Filipovs, Sergejs"]
[Black "Zhauynbay, Alimzhan"]
[WhiteElo "2012"]
[BlackElo "1953"]
[Round "11.9"]
[Result "0-1"]
[TimeControl "5400+30"]

1. e4 c5 2. Nf3 e6 3. d4 cxd4 4. Nxd4 a6 5. c4 Nf6 6. Nc3 Bb4 7. Qd3 O-O 8. e5 Ne8 9. a3 Bxc3+ 10. Qxc3 d6 11. exd6 Nxd6 12. Be3 e5 13. Nf3 Nf5 14. Rd1 Qe7 15. Qxe5 Qxe5 16. Nxe5 Re8 17. Be2 f6 18. Nf3 Nc6 19. Bb6 a5 20. Rd2 a4 21. O-O Na5 22. Re1 Nb3 23. Rdd1 Be6 24. c5 Bf7 25. Bd3 Nfd4 26. Be4 Nc6 27. Rd7 Rab8 28. h3 Nca5 29. Bxh7+ Kxh7 30. Rxf7 Rxe1+ 31. Nxe1 Re8 32. Nd3 Re2 33. Nf4 Rxb2 34. Ne6 Re2 35. Nd8 Kg6 36. Rd7 Nc4 37. Nxb7 Nbd2 38. g4 Ne5 39. Rd5 Ndf3+ 40. Kg2 Re1 41. Kg3 Kh6 42. Kf4 Nh4 43. f3 g5+ 44. Kg3 Re2 0-1

[Variant "Standard"]
[Site "Europe Echecs"]

[Event "Championnat du monde jeunes U10"]
[Date "2024.11.26"]
[White "Zabelin, Platon"]
[Black "Kolodziejczyk, Boris"]
[WhiteElo "1870"]
[BlackElo "2115"]
[Round "11.10"]
[Result "0-1"]
[TimeControl "5400+30"]

1. d4 Nf6 2. c4 g6 3. Nc3 Bg7 4. e4 O-O 5. e5 Ne8 6. f4 d6 7. Be3 c5 8. dxc5 Nc6 9. cxd6 exd6 10. Qd2 Bf5 11. Rd1 Qa5 12. exd6 Nf6 13. h3 Rfe8 14. Kf2 Nb4 15. Nf3 Nxa2 16. Bd3 Nxc3 17. bxc3 Bxd3 18. Qxd3 Ne4+ 19. Kg1 Nxd6 20. Bd4 Nf5 21. Kh2 Rad8 22. g4 Ne7 23. Kg2 Nc6 24. Qc2 Qc7 25. f5 Ne5 26. Nxe5 Bxe5 27. Rhe1 Bxd4 28. Rxe8+ Rxe8 29. cxd4 Re3 30. Qf2 Qe7 31. Qf4 Re2+ 32. Kf1 Re4 33. Qf3 g5 34. f6 Qe6 35. Kg1 Rf4 36. Qd3 Qxf6 37. d5 Rf3 38. Qe4 Qb6+ 39. Qd4 Qd6 40. Rd2 Qg3+ 41. Rg2 Qe1+ 42. Kh2 Rxh3+ 43. Kxh3 Qh4# 0-1

[Variant "Standard"]
[Site "Europe Echecs"]

[Event "Championnat du monde jeunes U10"]
[Date "2024.11.26"]
[White "Kadyr, Aldiyar"]
[Black "Ilko-Toth, Andras"]
[WhiteElo "1759"]
[BlackElo "2115"]
[Round "11.11"]
[Result "0-1"]
[TimeControl "5400+30"]

1. e4 c6 2. d4 d5 3. exd5 cxd5 4. Bd3 Nc6 5. c3 Nf6 6. h3 e5 7. dxe5 Nxe5 8. Qe2 Ne4 9. Bxe4 dxe4 10. Qxe4 Bd6 11. Ne2 O-O 12. O-O Nd3 13. Qd4 Bc5 14. Qxd8 Rxd8 15. b4 Bb6 16. Be3 Bxe3 17. fxe3 Re8 18. Nd4 Rxe3 19. Nd2 Be6 20. Nxe6 Rxe6 21. Rf3 Rd8 22. Nb3 Ne5 23. Re3 f6 24. a4 Rc6 25. Rc1 Rd5 26. Re4 b6 27. Rd4 Rxd4 28. Nxd4 Rc4 29. Nb5 a6 30. Na3 Re4 31. Kf1 Nd3 32. Rd1 Nb2 33. Rd8+ Kf7 34. Ra8 Nxa4 35. Rxa6 Nxc3 36. Rxb6 Nd5 37. Rb7+ Kg6 38. b5 Rb4 39. Nc2 Rb1+ 40. Ne1 Nc3 41. b6 Nd5 42. Rd7 Nxb6 43. Rb7 Nc4 44. Rxb1 Nd2+ 45. Kf2 Nxb1 46. Nd3 Nc3 47. Nf4+ Kf5 48. Kf3 Nb5 49. g4+ Ke5 50. Nd3+ Ke6 51. Nf4+ Kf7 52. h4 Nc7 53. Ke4 Ne6 54. Nd3 Nf8 55. Nc5 Ne6 56. Nd3 Nd8 57. Kf4 g6 58. h5 Ne6+ 59. Kg3 Ng7 60. hxg6+ hxg6 61. g5 Nh5+ 62.
Kh4 f5 63. Ne5+ Kg7 64. Nd3 Kh7 65. Kh3 Ng7 66. Nf4 Nh5 67. Nd3 Ng7 68. Nf4 Ne8 69. Nd5 Kg7 70. Kg3 Kf7 71. Kf4 Ke6 72. Nb4 Nc7 73. Nd3 Kd6 74. Kg3 Ne6 75. Kg2 Kd5 76. Kg3 Kd4 77. Nf2 Nxg5 78. Kf4 Ne6+ 79. Kf3 Ke5 80. Ke3 g5 81. Nd3+ Kf6 82. Kf3 Nf8 83. Kg3 Ng6 84. Nc5 Ne5 85. Nb3 g4 86. Nd4 Ng6 87. Nc6 Kg5 88. Nd4 f4+ 89. Kf2 Kf6 90. Nb3 Kf5 91. Nd2 g3+ 92. Kf1 Kg4 93. Kg1 Ne5 94. Ne4 f3 95. Kf1 Nd3 96. Kg1 Nf4 97. Kf1 Ne2 98. Ke1 g2 99. Nf2+ Kf5 100. Nh3 g1=Q+ 101.
Nxg1 Nxg1 102. Kf2 Ke4 103. Kf1 Ke3 104. Ke1 f2+ 105. Kf1 Nf3 106. Kg2 Nd2 107. Kg3 f1=Q 108. Kg4 Qg2+ 109. Kf5 Qe4+ 110. Kf6 Qd5 111.
Ke7 Qc6 112. Kd8 Qb7 113. Ke8 Kd4 114. Kf8 Qd7 115. Kg8 Qe7 116. Kh8 Nf3 117. Kg8 Ng5 118. Kh8 Qf8# 0-1

[Variant "Standard"]
[Site "Europe Echecs"]

[Event "Championnat du monde jeunes U10"]
[Date "2024.11.26"]
[White "Deepak Ambattu, Rithvik"]
[Black "Cao, Frank Zhongtian"]
[WhiteElo "2063"]
[BlackElo "1793"]
[Round "11.12"]
[Result "1/2-1/2"]
[TimeControl "5400+30"]

1. e4 c5 2. Nf3 d6 3. d4 cxd4 4. Nxd4 Nf6 5. Nc3 a6 6. Be2 e5 7. Nb3 Be7 8. Be3 Be6 9. Nd5 Nbd7 10. Qd3 O-O 11. a4 Bxd5 12. exd5 Rc8 13. a5 Ne8 14. O-O g6 15. Ra4 Ng7 16. Rb4 Qc7 17. c4 Nf5 18. Bb6 Nxb6 19. axb6 Qd7 20. Bg4 Rfe8 21. Nd2 Bd8 22. Re1 Kh8 23. Ne4 h5 24. Qh3 Kg7 25. Bxf5 gxf5 26. Ng3 Rh8 27. Nxf5+ Kf8 28. Ra1 h4 29. Qg4 Rh7 30. h3 Rc5 31. Ne3 Qxg4 32. hxg4 Ke7 33. Rc1 Kd7 34. Nf5 Rh8 35. Kh2 Bg5 36. Rc2 Rhc8 37. g3 hxg3+ 38. Nxg3 Rxd5 39. Ne4 Bf4+ 40. Kg2 Rd4 41. Nf6+ Ke7 42. Nh5 d5 43. b3 dxc4 44. Rbxc4 Rcxc4 45. bxc4 Kd6 46. c5+ Kc6 47. Nxf4 Rxf4 48. Kg3 Rd4 49. g5 Rd5 50. Kg4 Rxc5 51. Re2 Kxb6 52. Kf5 Rc3 53. Kxe5 a5 54. f4 a4 55. f5 Ka5 56. Kd4 Rg3 57. Re7 Rxg5 58. Rxb7 Rxf5 59. Kc4 Ka6 60.
Rb8 Ka7 61. Rb1 Ra5 62. Kb4 Ra6 63. Ka3 f6 64. Rb4 f5 65. Rb5 Rf6 66. Kxa4 f4 67. Rh5 f3 68. Rh1 f2 69. Rf1 Kb6 70. Kb4 Rf4+ 71. Kc3 Kc5 72. Kd3 Kd5 73. Ke3 1/2-1/2

[Variant "Standard"]
[Site "Europe Echecs"]

[Event "Championnat du monde jeunes U10"]
[Date "2024.11.26"]
[White "Qian, Qipeng"]
[Black "Xia, Joshua"]
[WhiteElo "1641"]
[BlackElo "2052"]
[Round "11.13"]
[Result "0-1"]
[TimeControl "5400+30"]

1. d4 Nf6 2. c4 g6 3. Nc3 d5 4. Nf3 Bg7 5. h4 c5 6. dxc5 Be6 7. Nd4 Nc6 8. Nxc6 bxc6 9. cxd5 Nxd5 10. Nxd5 Bxd5 11. Qc2 Rb8 12. e4 Be6 13. Bd3 O-O 14. O-O Bd4 15. Kh1 Qc7 16. Be2 Rfd8 17. f4 a5 18. g4 Kh8 19. Rd1 Rb4 20. Qd2 f5 21. b3 fxe4 22. Bb2 e3 23. Bxd4+ Rdxd4 24. Qxe3 Bd5+ 25. Bf3 Bxf3+ 26. Qxf3 Rxf4 27. Qc3+ e5 28.
Re1 Rbd4 29. Qe3 Rxg4 30. Qxe5+ Qxe5 31.
Rxe5 Rxh4+ 32. Kg2 Rhe4 33. Rxe4 Rxe4 34. a3 Re2+ 35. Kf3 Rb2 36. b4 Kg7 37. Re1 axb4 38. axb4 Kf6 39. Re8 Rb3+ 40. Kg2 Rxb4 41. Rc8 Rc4 42. Rxc6+ Kg5 43. Rc7 h5 44. c6 h4 45. Rc8 Kg4 46. c7 h3+ 47. Kf2 Rc2+ 48. Ke3 h2 49. Rh8 Kg3 50. Rh7 Rxc7 51. Rxc7 h1=Q 52. Rg7 Qe1+ 53. Kd3 Qe6 54. Rh7 g5 55. Rg7 g4 56. Kc2 Qc4+ 57. Kd2 Qd4+ 58. Kc2 Qxg7 59. Kd3 Kf3 60. Kc4 g3 61. Kd5 g2 62. Kc5 g1=Q+ 63. Kd5 Q1d4+ 64. Kc6 Qgd7# 0-1

[Variant "Standard"]
[Site "Europe Echecs"]

[Event "Championnat du monde jeunes U10"]
[Date "2024.11.26"]
[White "Fuentes de Nova, Sebastian"]
[Black "Li, Weilong"]
[WhiteElo "1929"]
[BlackElo "1735"]
[Round "11.14"]
[Result "0-1"]
[TimeControl "5400+30"]

1. d4 Nf6 2. c4 e6 3. Nc3 Bb4 4. Qc2 d5 5. cxd5 Nxd5 6. Nf3 c5 7. Bd2 cxd4 8. Nxd5 Bxd2+ 9. Qxd2 Qxd5 10. Qxd4 Qa5+ 11. b4 Qa4 12. Qxg7 Qxb4+ 13. Nd2 Qf8 14. Qxf8+ Rxf8 15. g3 Bd7 16. Bg2 Bc6 17. O-O Bxg2 18. Kxg2 Nc6 19. Rab1 b6 20. Rfc1 Rc8 21. Ne4 Ke7 22. Rd1 f5 23. Nd6 Rcd8 24. Nb5 a6 25. Nc7 Rxd1 26. Rxd1 Nb8 27. Rc1 Kd6 28. Kh3 b5 29. Kh4 Kd7 30. Na8 Nc6 31. Rd1+ Kc8 32. Kg5 Kb7 33. Kh6 Rxa8 34. Kxh7 Kc7 35. h4 Rd8 36. Rxd8 Kxd8 37. Kg7 Ke7 38. Kg6 Ne5+ 39. Kg5 b4 40. Kf4 Kf6 41. Ke3 Ng4+ 42. Kd4 Nxf2 43. Kc4 a5 44. Kb5 Ne4 45. Kxa5 Nc3 46. Kxb4 Nxa2+ 47. Kc4 Nc1 48. e4 fxe4 49. Kd4 Ne2+ 50. Kxe4 Nxg3+ 51. Kf3 Nh5 52.
Kg4 Kg6 53. Kf3 Kf5 54. Ke3 e5 55. Kf3 e4+ 56. Ke3 Ke5 57. Ke2 Kf4 58. Kf2 e3+ 59. Ke2 Ke4 60. Ke1 Kf3 61. Kf1 e2+ 62. Ke1 Nf4 0-1

[Variant "Standard"]
[Site "Europe Echecs"]

[Event "Championnat du monde jeunes U10"]
[Date "2024.11.26"]
[White "Larion, Iustin"]
[Black "Aitmukhanov, Arsen"]
[WhiteElo "1925"]
[BlackElo "1579"]
[Round "11.15"]
[Result "1-0"]
[TimeControl "5400+30"]

1. e4 c5 2. b3 Nc6 3. Bb2 d6 4. Bb5 Nf6 5. Bxc6+ bxc6 6. d3 g6 7. Ne2 Bg7 8. O-O O-O 9. Nd2 e5 10. Qe1 Nd7 11. f4 d5 12. Ng3 d4 13. f5 h5 14. Qe2 Nf6 15. Nc4 h4 16. Nh1 Re8 17. fxg6 fxg6 18. Bc1 Bg4 19. Qf2 Nh5 20. h3 Be6 21. Bd2 Rf8 22. Qe2 Nf4 23. Bxf4 exf4 24. Rf3 g5 25. Nf2 Qd7 26. Rf1 Rf7 27. Re1 Re8 28. Nd2 Bh8 29. Nf1 g4 30. hxg4 Bxg4 31. Nxg4 Qxg4 32. Nh2 Qg6 33. Rh3 f3 34. Nxf3 Be5 35. Nxh4 Qg5 36. Nf3 Qg6 37. Nxe5 Rxe5 38. Rf1 Rg7 39. Qf3 Re8 40. Rf2 Qg5 41. Qh5 Qxh5 42. Rxh5 c4 43. Kh2 c3 44. Rf6 Ree7 45. Rxc6 Rgf7 46. Rg6+ Kf8 47. Rh8# 1-0

[Variant "Standard"]
[Site "Europe Echecs"]

[Event "Championnat du monde jeunes U10"]
[Date "2024.11.26"]
[White "Liu, Liam"]
[Black "Andre, Tomas"]
[WhiteElo "1783"]
[BlackElo "1928"]
[Round "11.16"]
[Result "0-1"]
[TimeControl "5400+30"]

1. e4 c5 2. Nf3 Nc6 3. c3 Nf6 4. e5 Nd5 5. d4 d6 6. exd6 Qxd6 7. dxc5 Qxc5 8. Be2 Bf5 9. b4 Qd6 10. O-O Bxb1 11. Rxb1 Nxc3 12. Qc2 Nxb1 13. Qxb1 Qxb4 14. Qc2 e6 15. a3 Qc5 16. Qb3 Qb6 17. Qc3 Qa5 18. Qb3 O-O-O 19. Bg5 Qxa3 20. Qb5 f6 21. Rb1 Bb4 22. Bc1 Qa6 23. Qxa6 bxa6 24. Bxa6+ Kc7 25. Be3 Rd6 26. h3 Rhd8 27. Kh2 Rd1 28. Rb2 Ra1 29. Bb5 Rb8 30. Bxc6 Bd6+ 31. g3 Rxb2 32. Be4 f5 0-1

[Variant "Standard"]
[Site "Europe Echecs"]

[Event "Championnat du monde jeunes U10"]
[Date "2024.11.26"]
[White "Akramov, Khusan"]
[Black "Gusev, Daniil Den"]
[WhiteElo "1782"]
[BlackElo "1863"]
[Round "11.17"]
[Result "0-1"]
[TimeControl "5400+30"]

1. e4 c5 2. Nf3 a6 3. c4 e6 4. d4 cxd4 5. Nxd4 Nf6 6. Nc3 Qc7 7. Be3 b6 8. Be2 Bb7 9. f3 Bd6 10. g3 h5 11. a3 Be7 12. O-O h4 13. Bf2 hxg3 14. Bxg3 Bd6 15. Kg2 Bxg3 16. hxg3 Nc6 17. b4 Ne5 18. Rc1 Ng6 19. c5 Nh5 20. Qe1 Nhf4+ 21. gxf4 Nxf4+ 22. Kg1 Qe5 23. Qd2 Qg5+ 24. Kf2 Rh2+ 25. Ke3 Qh6 26. Rcd1 Nxe2+ 27. f4 Nxf4 28. Nf5 Nd5+ 29. Kf3 Qh3+ 30. Ng3 Rxd2 31. Rxd2 Nxc3 0-1

[Variant "Standard"]
[Site "Europe Echecs"]